 Dungeon Crawl Stone Soup version 0.23-a0-586-gacb4b3f (webtiles) character file.

51 Leeroy the Charmwright (level 3, -3/31 HPs)
             Began as a Gnoll Skald on Dec 19, 2018.
             Slain by Menkaure (5 damage)
             ... on level 4 of the Dungeon.
             The game lasted 00:03:39 (842 turns).

Leeroy the Charmwright (Gnoll Skald)                 Turns: 842, Time: 00:03:40

Health: -3/31      AC: 12    Str: 13    XL:     3   Next: 81%
Magic:  9/9        EV:  4    Int: 16    God:
Gold:   50         SH:  0    Dex: 14    Spells: 1/12 levels left

rFire    + . .     SeeInvis .   a - +1 falchion
rCold    + . .     Gourm    .   (no shield)
rNeg     . . .     Faith    .   h - +0 plate armour
rPois    +         Spirit   .   (no helmet)
rElec    +         Reflect  .   (no cloak)
rCorr    +         Harm     .   (no gloves)
MR       .....                  m - +0 pair of boots
Stlth    ..........             (no amulet)
HPRegen  0.10/turn              (no ring)
MPRegen  0.11/turn              (no ring)

@: resistant
A: distributed training, fangs 1, strong nose
a: no special abilities


You were on level 4 of the Dungeon.
You were not hungry.

You visited 1 branch of the dungeon, and saw 3 of its levels.

You collected 50 gold pieces.

Inventory:

Hand Weapons
 a - a +1 falchion (weapon)
 g - a +0 dagger
 i - a +0 dagger
 o - a +0 short sword
Missiles
 c - 9 poisoned needles
 f - 2 throwing nets (quivered)
 p - 12 stones
Armour
 b - a +0 leather armour
 h - a +0 plate armour (worn)
 j - a +0 scale mail
 m - a +0 pair of boots (worn)
Comestibles
 d - 2 rations


   Skills:
 + Level 4.5 Fighting
 + Level 0.9 Short Blades
 + Level 4.5 Long Blades
 + Level 0.9 Axes
 + Level 0.9 Maces & Flails
 + Level 0.9 Polearms
 + Level 0.9 Staves
 + Level 0.9 Slings
 + Level 0.9 Bows
 + Level 0.9 Crossbows
 + Level 0.9 Throwing
 + Level 2.6 Armour
 + Level 4.5 Dodging
 + Level 0.9 Stealth
 + Level 0.9 Shields
 + Level 0.9 Unarmed Combat
 + Level 5.0 Spellcasting
 + Level 0.6 Conjurations
 + Level 0.6 Hexes
 + Level 5.4 Charms
 + Level 0.6 Summonings
 + Level 0.6 Necromancy
 + Level 0.6 Translocations
 + Level 0.6 Transmutations
 + Level 0.6 Fire Magic
 + Level 0.6 Ice Magic
 + Level 0.6 Air Magic
 + Level 0.6 Earth Magic
 + Level 0.6 Poison Magic
 + Level 1.0 Invocations
 + Level 0.9 Evocations


You had one spell level left.
You knew the following spells:

 Your Spells              Type           Power        Failure   Level  Hunger
a - Infusion              Chrm           ###.         92%         1    None
b - Song of Slaying       Chrm           ###.....     98%         2    #......
c - Shroud of Golubria    Chrm/Tloc      ##........   100%        2    #......
d - Regeneration          Chrm/Necr      ##........   100%        3    ###....
e - Spectral Weapon       Hex/Chrm       ##......     100%        3    ###....

Your spell library contained the following spells:

 Spells                   Type           Power        Failure   Level  Hunger


Dungeon Overview and Level Annotations

Branches:
Dungeon (2/15)

Altars:
Wu Jian

Annotations:
D:4 Menkaure


Innate Abilities, Weirdness & Mutations

Your experience applies equally to all skills.
You have very sharp teeth.
Your uncanny sense of smell can sniff out nearby items.


Message History

You barely miss Menkaure.
Menkaure is lightly damaged.
Menkaure barely misses you.
You hit Menkaure.
Menkaure is moderately damaged.
Menkaure hits you but does no damage.
You hit Menkaure but do no damage.
Menkaure is moderately damaged.
Your plate armour prevents you from hitting Menkaure.
Menkaure is moderately damaged.
Menkaure hits you but does no damage.
You slash Menkaure!
Menkaure is heavily damaged.
Menkaure casts a spell at you.
You barely resist. You hit Menkaure.
Menkaure is severely damaged.
Menkaure murmurs a few words.
Menkaure hits you.
You die...

#.#
#.#
#.#
#.#
#.#
#.#
#.#
#.# ∆
#@#
#M#
#.#
...
##.#.
#.#.#
!..∆.
#.#
#.
#..
..


You could see Menkaure (inner flame).

Vanquished Creatures
  An adder (D:2)
  An ooze (D:1)
  An adder skeleton (D:4)
  A worm (D:2)
  5 bats
  2 giant cockroaches (D:1)
  7 goblins
  4 hobgoblins
  A ball python (D:2)
  3 frilled lizards
  3 kobolds
  A rat (D:1)
30 creatures vanquished.

Notes
Turn   | Place    | Note
-------+----------+-------------------------------------------
     0 | D:1      | Leeroy the Gnoll Skald began the quest for the Orb.
     0 | D:1      | Reached XP level 1. HP: 20/20 MP: 6/6
   152 | D:1      | Reached XP level 2. HP: 17/26 MP: 7/7
   499 | D:1      | Reached XP level 3. HP: 31/31 MP: 9/9
   503 | D:1      | Learned a level 2 spell: Song of Slaying
   506 | D:1      | Learned a level 2 spell: Shroud of Golubria
   510 | D:1      | Learned a level 3 spell: Regeneration
   514 | D:1      | Learned a level 3 spell: Spectral Weapon
   548 | D:2      | Reached skill level 5 in Spellcasting
   618 | D:2      | Reached skill level 1 in Invocations
   756 | D:2      | Found an ornate altar of the Wu Jian Council.
   814 | D:2      | You fall through a shaft for 2 floors!
   818 | D:4      | Noticed Menkaure
   835 | D:4      | HP: 1/31 [Menkaure/nerve-wracking pain (2)]
   842 | D:4      | Slain by Menkaure

Vault maps used:
D:1:      dpeg_arrival_pits
D:2:      lemuel_crystal_altar
D:4:      overflow_temple_1_default, old_standard_altar, old_standard_altar,
          uniq_menkaure, uniq_eustachio, uniq_sigmund, uniq_grinder

Skill      XL: |  1  2  3 |
---------------+----------+-----
Spellcasting   | 5 |  5.0
Invocations    | 1 |  1.0
Fighting       | |  4.5
Short Blades   | |  0.9
Long Blades    | |  4.5
Axes           | |  0.9
Maces & Flails | |  0.9
Polearms       | |  0.9
Staves         | |  0.9
Slings         | |  0.9
Bows           | |  0.9
Crossbows      | |  0.9
Throwing       | |  0.9
Armour         | |  2.6
Dodging        | |  4.5
Stealth        | |  0.9
Shields        | |  0.9
Unarmed Combat | |  0.9
Conjurations   | |  0.6
Hexes          | |  0.6
Charms         | |  5.4
Summonings     | |  0.6
Necromancy     | |  0.6
Translocations | |  0.6
Transmutations | |  0.6
Fire Magic     | |  0.6
Ice Magic      | |  0.6
Air Magic      | |  0.6
Earth Magic    | |  0.6
Poison Magic   | |  0.6
Evocations     | |  0.9

Action                   || total
-------------------------++-------
Melee: Falchion          ||   141
       Bite              ||    11
  Use: Scroll            ||     3
       Potion            ||     1
Armor: Plate armour      ||   123
       Leather armour    ||     2
Dodge: Dodged            ||    37
       Rpst.: Falchion   ||    12

Table legend:
 A = Non-vault XP
 B = Vault XP
 C = Vault XP percentage of total XP
 D = Non-vault monster count
 E = Vault monster count
 F = Vault count percentage of total count
                 A         B        C        D         E       F
            +---------+---------+-------+---------+---------+-------
      Total |      73 |       0 |   0.0 |      30 |       0 |   0.0
            +---------+---------+-------+---------+---------+-------
        D:1 |      34 |       0 |   0.0 |      18 |       0 |   0.0
        D:2 |      34 |       0 |   0.0 |      11 |       0 |   0.0
        D:4 |       5 |       0 |   0.0 |       1 |       0 |   0.0
            +---------+---------+-------+---------+---------+-------
